[Event "42nd Olympiad Baku 2016 Open"]
[Site "Baku"]
[Date "2016.09.03"]
[Round "2.3"]
[White "Nepomniachtchi, Ian"]
[Black "Atabayev, Saparmyrat"]
[Result "1-0"]
[ECO "B90"]
[WhiteElo "2740"]
[BlackElo "2406"]
[Annotator ""]
[PlyCount "69"]
[EventDate "2016.??.??"]
[EventCountry "AZE"]
[SourceTitle "playchess.com"]
[Source "ChessBase"]
[WhiteTeam "Russia"]
[BlackTeam "Turkmenistan"]
[WhiteTeamCountry "RUS"]
[BlackTeamCountry "TKM"]
[TimeControl "40/5400+30:1800+30"]

1. e4 {(00:00)} c5 {(00:00)} 2. Nf3 {(00:00)} d6 {(
00:00)} 3. d4 {(00:00)} cxd4 {(00:00)} 4. Nxd4 {(00:00)}
Nf6 {(00:03)} 5. Nc3 {(00:00)} a6 {(00:06)} 6. h3 {
(00:15)} e5 {(00:36)} 7. Nde2 {(00:19)} Be7 {(00:
56)} 8. g4 {(01:46)} h6 {(01:02)} 9. a4 {(00:42)} Be6 {
(00:15)} 10. Bg2 {(00:16)} O-O {(00:43)} 11. O-O {(
00:29)} Nbd7 {(06:14)} 12. Ng3 {(00:51)} Re8 {(04:11)} 13.
Nf5 {(00:44)} Qc7 {(01:26)} 14. Nxe7+ {(12:43)} Rxe7 {
(00:11)} 15. f4 {(00:06)} exf4 {(04:55)} 16. Bxf4 {
(01:47)} Qc5+ {(05:25)} 17. Kh1 {(01:21)} Ne5 {(00:
14)} 18. g5 {(02:18)} hxg5 {(00:48)} 19. Bxg5 {(00:12)}
Neg4 {(02:22)} 20. Qd2 {(00:54)} Nh5 {(24:37)} 21. hxg4 {
(02:20)} Ng3+ {(00:35)} 22. Kh2 {(00:07)} Nxf1+ {(
00:36)} 23. Rxf1 {(00:18)} Rd7 {(01:54)} 24. Be3 {(05:05)}
Qe5+ {(01:39)} 25. Bf4 {(01:41)} Qc5 {(00:03)} 26. Be3 {
(04:26)} Qe5+ {(01:16)} 27. Kg1 {(00:06)} Bxg4 {(
02:14)} 28. Bd4 {(00:08)} Qh5 {(07:25)} 29. Nd5 {(01:44)}
Rf8 {(02:42)} 30. Rf6 {(08:38)} Kh7 {(04:24)} 31. Qf2 {
(03:24)} Bh3 {(10:02)} 32. Bxh3 {(01:52)} Qxh3 {(
00:21)} 33. Rf4 {(00:31)} g5 {(01:54)} 34. Nf6+ {(00:07)}
Kg6 {(00:20)} 35. Rg4 {(00:43)} 1-0

[Event "42nd Olympiad Baku 2016 Open"]
[Site "Baku"]
[Date "2016.09.03"]
[Round "2.3"]
[White "Nezad, Husein Aziz"]
[Black "Seeman, Tarvo"]
[Result "1-0"]
[ECO "E91"]
[WhiteElo "2427"]
[BlackElo "2407"]
[Annotator ""]
[PlyCount "81"]
[EventDate "2016.??.??"]
[EventCountry "AZE"]
[SourceTitle "playchess.com"]
[Source "ChessBase"]
[WhiteTeam "Qatar"]
[BlackTeam "Estonia"]
[WhiteTeamCountry "QAT"]
[BlackTeamCountry "EST"]
[TimeControl "40/5400+30:1800+30"]

1. d4 {(00:00)} Nf6 {(00:00)} 2. c4 {(00:00)} g6 {(
00:00)} 3. Nc3 {(00:00)} Bg7 {(00:00)} 4. e4 {(00:00)} d6
{(00:00)} 5. Nf3 {(00:10)} O-O {(00:00)} 6. Be2 {(
00:03)} Bg4 {(00:36)} 7. Be3 {(03:58)} Nfd7 {(00:27)} 8.
Ng1 {(04:50)} Bxe2 {(00:29)} 9. Ngxe2 {(00:05)} c5 {
(00:38)} 10. d5 {(05:27)} Na6 {(09:33)} 11. O-O {(
04:20)} Nc7 {(02:00)} 12. a4 {(04:50)} b6 {(08:45)} 13. f4
{(09:22)} a6 {(03:42)} 14. e5 {(04:22)} b5 {(10:45]
} 15. b3 {(00:29)} bxc4 {(03:14)} 16. bxc4 {(00:12)} Rb8 {
(00:25)} 17. Ne4 {(02:06)} Rb4 {(03:36)} 18. Qd3 {(
07:11)} f5 {(09:25)} 19. exf6 {(03:42)} Nxf6 {(03:43)} 20.
Nxf6+ {(03:48)} Bxf6 {(05:58)} 21. Rae1 {(05:16)} Rxa4 {
(12:33)} 22. f5 {(00:36)} g5 {(04:45)} 23. Bxg5 {(
13:34)} Bxg5 {(01:41)} 24. Qg3 {(00:01)} Rxc4 {(02:39)}
25. Qxg5+ {(00:46)} Kh8 {(00:33)} 26. Nf4 {(03:05)} Rxf4 {
(00:24)} 27. Rxf4 {(03:38)} Nxd5 {(00:45)} 28. Rf2 {
(10:59)} Rf7 {(05:36)} 29. Rd2 {(00:54)} Nf6 {(01:
06)} 30. Rde2 {(01:19)} Qf8 {(02:44)} 31. Ra2 {(02:56)}
Rg7 {(04:45)} 32. Qd2 {(01:41)} Qc8 {(01:35)} 33. Re6 {
(00:17)} Qc6 {(03:12)} 34. h3 {(02:23)} Qa8 {(00:
44)} 35. Qe2 {(01:33)} Qb7 {(00:37)} 36. Rxa6 {(01:39)}
Qb1+ {(00:17)} 37. Qf1 {(01:23)} Qb2 {(00:36)} 38. Ra8+ {
(00:12)} Ng8 {(00:03)} 39. f6 {(01:21)} Qd4+ {(00:
53)} 40. Qf2 {(00:00)} Qd1+ {(00:00)} 41. Re1 {(02:07)}
1-0

[Event "42nd Olympiad Baku 2016 Open"]
[Site "Baku"]
[Date "2016.09.03"]
[Round "2.31"]
[White "Nguyen, Huynh Minh Huy"]
[Black "Escobar Forero, Alder"]
[Result "1-0"]
[ECO "E92"]
[WhiteElo "2435"]
[BlackElo "2510"]
[Annotator ""]
[PlyCount "57"]
[EventDate "2016.??.??"]
[EventCountry "AZE"]
[SourceTitle "playchess.com"]
[Source "ChessBase"]
[WhiteTeam "Vietnam"]
[BlackTeam "Colombia"]
[WhiteTeamCountry "VIE"]
[BlackTeamCountry "COL"]
[TimeControl "40/5400+30:1800+30"]

1. d4 {(00:00)} d6 {(00:00)} 2. Nf3 {(00:04)} Nf6 {
(00:31)} 3. c4 {(00:36)} g6 {(03:00)} 4. Nc3 {(00:
10)} Bg7 {(00:08)} 5. e4 {(00:10)} O-O {(00:11)} 6. Be2 {
(00:35)} e5 {(02:42)} 7. Be3 {(00:12)} exd4 {(09:
17)} 8. Nxd4 {(00:20)} Re8 {(00:03)} 9. f3 {(00:12)} Nc6 {
(00:06)} 10. O-O {(20:19)} Nh5 {(05:16)} 11. f4 {(
04:06)} Nf6 {(31:34)} 12. Bf3 {(02:36)} Bd7 {(02:35)} 13.
Re1 {(09:30)} a6 {(08:06)} 14. Rc1 {(11:09)} Rb8 {(
04:41)} 15. Nb3 {(12:42)} b6 {(17:49)} 16. Bf2 {(02:15)}
h6 {(02:18)} 17. Nd5 {(06:15)} Nh7 {(00:33)} 18. Qd2 {
(00:17)} Qc8 {(03:19)} 19. Nd4 {(04:33)} Nd8 {(04:
42)} 20. Ne2 {(06:06)} Ne6 {(00:53)} 21. Rcd1 {(05:09)} b5
{(01:22)} 22. cxb5 {(00:44)} axb5 {(00:05)} 23. Rc1 {
(00:08)} Qd8 {(00:39)} 24. Nd4 {(04:28)} c5 {(01:
15)} 25. Nxe6 {(00:58)} Bxe6 {(00:26)} 26. b4 {(03:37)} c4
{(00:41)} 27. Red1 {(00:43)} Ra8 {(00:37)} 28. Nc3 {
(01:22)} Qb8 {(00:37)} 29. e5 {(00:37)} 1-0

[Event "42nd Olympiad Baku 2016 Open"]
[Site "Baku"]
[Date "2016.09.03"]
[Round "2.4"]
[White "Odeev, Handszar"]
[Black "Grischuk, Alexander"]
[Result "0-1"]
[ECO "B31"]
[WhiteElo "2401"]
[BlackElo "2754"]
[Annotator ""]
[PlyCount "80"]
[EventDate "2016.??.??"]
[EventCountry "AZE"]
[SourceTitle "playchess.com"]
[Source "ChessBase"]
[WhiteTeam "Turkmenistan"]
[BlackTeam "Russia"]
[WhiteTeamCountry "TKM"]
[BlackTeamCountry "RUS"]
[TimeControl "40/5400+30:1800+30"]

1. e4 {(00:00)} c5 {(00:00)} 2. Nf3 {(00:00)} Nc6 {
(00:00)} 3. Bb5 {(00:43)} g6 {(00:20)} 4. O-O {(00:
36)} Bg7 {(00:05)} 5. c3 {(00:11)} Nf6 {(00:40)} 6. d4 {
(09:09)} cxd4 {(11:51)} 7. cxd4 {(00:07)} Nxe4 {(
02:02)} 8. d5 {(00:13)} Nd6 {(01:45)} 9. Bd3 {(15:43)} Nb4
{(02:09)} 10. Be2 {(01:37)} b6 {(06:04)} 11. Nc3 {(
09:09)} Bb7 {(03:37)} 12. Qb3 {(08:47)} Na6 {(03:21)} 13.
Bxa6 {(00:12)} Bxa6 {(00:05)} 14. Re1 {(00:07)} O-O {
(06:16)} 15. Bg5 {(02:46)} Re8 {(01:28)} 16. Qa3 {(
12:40)} Qc8 {(02:39)} 17. Rac1 {(02:51)} Nc4 {(14:12)} 18.
Qb3 {(07:08)} Qc5 {(02:03)} 19. a4 {(19:36)} Rac8 {
(11:58)} 20. Nb5 {(02:33)} Bxb5 {(05:29)} 21. axb5 {
(00:11)} Qxd5 {(00:10)} 22. Bxe7 {(03:52)} h6 {(03:
09)} 23. Ba3 {(02:42)} Rxe1+ {(01:28)} 24. Rxe1 {(00:32)}
Qf5 {(00:08)} 25. h3 {(00:32)} d5 {(01:20)} 26. Rd1 {
(00:28)} Re8 {(03:51)} 27. g4 {(00:33)} Qe6 {(04:
57)} 28. Qd3 {(00:18)} Bxb2 {(04:35)} 29. Bb4 {(00:34)}
Rd8 {(00:53)} 30. Nd4 {(00:25)} Bxd4 {(01:36)} 31. Qxd4 {
(00:04)} Qe5 {(00:11)} 32. Qxe5 {(01:08)} Nxe5 {(
00:09)} 33. f4 {(00:31)} Nc4 {(00:21)} 34. Kf2 {(00:30)}
Rd7 {(03:31)} 35. Bc3 {(00:27)} d4 {(01:24)} 36. Bb4 {
(00:30)} d3 {(00:45)} 37. Kf3 {(00:34)} f5 {(00:43]
} 38. gxf5 {(00:22)} gxf5 {(00:03)} 39. h4 {(00:31)} h5 {
(01:00)} 40. Bc3 {(00:00)} d2 {(00:00)} 0-1

[Event "42nd Olympiad Baku 2016 Open"]
[Site "Baku"]
[Date "2016.09.03"]
[Round "2.26"]
[White "Omar, Noaman"]
[Black "Duda, Jan-Krzysztof"]
[Result "0-1"]
[ECO "A46"]
[WhiteElo "2377"]
[BlackElo "2675"]
[Annotator ""]
[PlyCount "82"]
[EventDate "2016.??.??"]
[EventCountry "AZE"]
[SourceTitle "playchess.com"]
[Source "ChessBase"]
[WhiteTeam "United Arab Emirates"]
[BlackTeam "Poland"]
[WhiteTeamCountry "UAE"]
[BlackTeamCountry "POL"]
[TimeControl "40/5400+30:1800+30"]

1. d4 {(00:00)} Nf6 {(00:00)} 2. Nf3 {(00:36)} e6 {
(00:00)} 3. g3 {(00:23)} b5 {(04:08)} 4. Bg2 {(00:
33)} Bb7 {(01:16)} 5. O-O {(00:22)} Be7 {(02:12)} 6. Bg5 {
(09:34)} d5 {(05:49)} 7. c3 {(03:20)} Nbd7 {(00:22]
} 8. Nbd2 {(09:19)} h6 {(01:42)} 9. Bxf6 {(01:14)} Nxf6 {
(01:45)} 10. a4 {(00:57)} b4 {(01:52)} 11. cxb4 {(
02:43)} Bxb4 {(01:35)} 12. a5 {(16:38)} O-O {(03:46)} 13.
a6 {(10:15)} Bc6 {(00:55)} 14. Ne5 {(03:30)} Bb5 {(
01:01)} 15. Qb3 {(19:02)} Qe7 {(02:24)} 16. Nd3 {(00:20)}
Bxd3 {(00:20)} 17. Qxd3 {(00:19)} c5 {(00:14)} 18. dxc5 {
(00:37)} Bxc5 {(00:16)} 19. Rfc1 {(00:48)} Rac8 {(
03:27)} 20. e3 {(00:53)} Bb6 {(01:14)} 21. Qb5 {(09:09)}
Ng4 {(02:00)} 22. Nf1 {(01:36)} Qf6 {(02:38)} 23. Qe2 {
(00:25)} h5 {(00:32)} 24. h3 {(02:03)} Ne5 {(01:52]
} 25. Nd2 {(02:38)} h4 {(03:43)} 26. g4 {(01:42)} d4 {
(03:11)} 27. Ne4 {(01:20)} Qe7 {(01:14)} 28. exd4 {
(00:15)} Bxd4 {(03:08)} 29. Rd1 {(01:37)} Rfd8 {(
00:39)} 30. Ra4 {(01:41)} Bb6 {(01:21)} 31. Raa1 {(00:46)}
Ng6 {(02:05)} 32. Rxd8+ {(00:35)} Rxd8 {(00:23)} 33. Rd1 {
(00:08)} Bd4 {(00:34)} 34. Nc3 {(00:18)} Nf4 {(01:
45)} 35. Qf3 {(00:05)} e5 {(01:30)} 36. Rd2 {(01:35)} g6 {
(06:36)} 37. Nb5 {(00:43)} Qb4 {(01:42)} 38. Rxd4 {
(00:25)} exd4 {(01:07)} 39. Nxa7 {(00:28)} Qe1+ {(
02:59)} 40. Bf1 {(00:00)} d3 {(00:00)} 41. Nc6 {(01:38)}
d2 {(01:00)} 0-1

[Event "42nd Olympiad Baku 2016 Open"]
[Site "Baku"]
[Date "2016.09.03"]
[Round "2.26"]
[White "Oussedik, Mahfoud"]
[Black "Leitao, Rafael"]
[Result "1/2-1/2"]
[ECO "A14"]
[WhiteElo "2280"]
[BlackElo "2616"]
[Annotator ""]
[PlyCount "85"]
[EventDate "2016.??.??"]
[EventCountry "AZE"]
[SourceTitle "playchess.com"]
[Source "ChessBase"]
[WhiteTeam "Algeria"]
[BlackTeam "Brazil"]
[WhiteTeamCountry "ALG"]
[BlackTeamCountry "BRA"]
[TimeControl "40/5400+30:1800+30"]

1. Nf3 {(00:00)} Nf6 {(00:00)} 2. g3 {(00:02)} d5 {
(00:22)} 3. Bg2 {(00:05)} e6 {(01:07)} 4. c4 {(00:
12)} Be7 {(01:04)} 5. O-O {(00:28)} O-O {(00:09)} 6. d4 {
(00:06)} c6 {(01:43)} 7. Qc2 {(02:20)} b6 {(00:18)}
8. Nbd2 {(03:03)} Bb7 {(01:29)} 9. Rd1 {(00:13)} Nbd7 {
(04:51)} 10. e4 {(11:24)} dxc4 {(01:47)} 11. Nxc4 {
(04:32)} c5 {(01:55)} 12. Nfe5 {(16:15)} cxd4 {(30:
16)} 13. Rxd4 {(03:54)} Qc7 {(04:01)} 14. Nxd7 {(19:15)}
Nxd7 {(00:18)} 15. Bf4 {(12:39)} e5 {(01:24)} 16. Rad1 {
(00:44)} Bc8 {(10:34)} 17. Qa4 {(04:49)} exf4 {(05:
54)} 18. Rxd7 {(00:48)} Bxd7 {(00:06)} 19. Rxd7 {(00:08)}
Qc5 {(00:17)} 20. Rd5 {(00:21)} Qc8 {(05:58)} 21. Rd7 {
(03:13)} fxg3 {(02:15)} 22. hxg3 {(00:39)} Qc5 {(
01:19)} 23. Rd5 {(01:02)} Qb4 {(00:27)} 24. Qxb4 {(00:14)}
Bxb4 {(00:06)} 25. a3 {(00:03)} Be7 {(05:51)} 26. Rd7 {
(00:07)} Rfe8 {(00:21)} 27. e5 {(01:04)} Rac8 {(00:
10)} 28. Bd5 {(03:29)} Red8 {(05:09)} 29. Rxe7 {(01:11)}
Rxd5 {(00:05)} 30. Rxa7 {(00:46)} h5 {(00:42)} 31. Nd6 {
(02:04)} Rc1+ {(01:09)} 32. Kg2 {(00:05)} Rxe5 {(
06:17)} 33. Nxf7 {(00:50)} Rd5 {(01:11)} 34. f4 {(02:59)}
Rc2+ {(01:14)} 35. Kh3 {(00:20)} Rxb2 {(04:58)} 36. Ng5 {
(00:26)} Ra5 {(01:19)} 37. Rb7 {(00:44)} g6 {(00:
48)} 38. Ne6 {(02:51)} Kh8 {(01:18)} 39. Rb8+ {(00:26)}
Kh7 {(00:04)} 40. Rb7+ {(00:00)} Kh8 {(00:00)} 41. Rb8+ {
(00:13)} Kh7 {(00:52)} 42. Rb7+ {(00:04)} Kh8 {(09:
59)} 43. Rb8+ 1/2-1/2

[Event "42nd Olympiad Baku 2016 Open"]
[Site "Baku"]
[Date "2016.09.03"]
[Round "2.18"]
[White "Palac, Mladen"]
[Black "Zhao, Zong-Yuan"]
[Result "1-0"]
[ECO "C65"]
[WhiteElo "2623"]
[BlackElo "2550"]
[Annotator ""]
[PlyCount "76"]
[EventDate "2016.??.??"]
[EventCountry "AZE"]
[SourceTitle "playchess.com"]
[Source "ChessBase"]
[WhiteTeam "Croatia"]
[BlackTeam "Australia"]
[WhiteTeamCountry "CRO"]
[BlackTeamCountry "AUS"]
[TimeControl "40/5400+30:1800+30"]

1. e4 {(00:00)} e5 {(00:00)} 2. Nf3 {(00:00)} Nc6 {
(00:00)} 3. Bb5 {(00:00)} Nf6 {(00:00)} 4. d3 {(00:
00)} Bc5 {(00:00)} 5. Bxc6 {(00:11)} dxc6 {(00:10)} 6. c3
{(00:03)} Bd6 {(05:27)} 7. h3 {(04:00)} O-O {(01:
58)} 8. Bg5 {(06:47)} Be7 {(09:04)} 9. O-O {(05:30)} Nd7 {
(02:33)} 10. Be3 {(06:05)} c5 {(02:02)} 11. d4 {(
07:20)} exd4 {(09:33)} 12. cxd4 {(01:51)} cxd4 {(00:05)}
13. Nxd4 {(00:04)} Ne5 {(00:57)} 14. f4 {(23:39)} Nc4 {
(01:41)} 15. Bf2 {(00:01)} c5 {(12:46)} 16. Qc2 {(
00:13)} Ne5 {(19:57)} 17. Nb3 {(17:18)} Nd3 {(03:41)} 18.
Rd1 {(00:04)} c4 {(01:03)} 19. Nc1 {(00:14)} Nb4 {(
01:24)} 20. Qe2 {(00:02)} Qc7 {(00:19)} 21. a3 {(06:01)}
Na6 {(05:07)} 22. f5 {(06:22)} Bf6 {(04:39)} 23. Nc3 {
(04:33)} Bxc3 {(01:11)} 24. bxc3 {(00:00)} Re8 {(
00:09)} 25. Qg4 {(02:08)} Nc5 {(09:57)} 26. Bxc5 {(00:03)}
Qxc5+ {(00:06)} 27. Rd4 {(00:03)} h5 {(06:11)} 28. Qh4 {
(05:32)} Bd7 {(01:45)} 29. Ra2 {(00:27)} Bc6 {(00:
30)} 30. Rf2 {(00:03)} Qe5 {(01:30)} 31. Rf4 {(02:02)} f6
{(01:06)} 32. Ne2 {(00:11)} Rad8 {(00:24)} 33. Qxh5 {
(00:33)} Rxd4 {(00:13)} 34. cxd4 {(00:04)} Qd6 {(
00:08)} 35. d5 {(02:11)} Bd7 {(00:01)} 36. Rh4 {(00:12)}
c3 {(00:57)} 37. Qg6 {(03:02)} Kf8 {(01:21)} 38. Rh7 {
(00:55)} Ke7 1-0

[Event "42nd Olympiad Baku 2016 Open"]
[Site "Baku"]
[Date "2016.09.03"]
[Round "2.23"]
[White "Pantsulaia, Levan"]
[Black "Lorparizangeneh, Shahin"]
[Result "1/2-1/2"]
[ECO "A04"]
[WhiteElo "2601"]
[BlackElo "2478"]
[Annotator ""]
[PlyCount "71"]
[EventDate "2016.??.??"]
[EventCountry "AZE"]
[SourceTitle "playchess.com"]
[Source "ChessBase"]
[WhiteTeam "Georgia"]
[BlackTeam "Iran"]
[WhiteTeamCountry "GEO"]
[BlackTeamCountry "IRI"]
[TimeControl "40/5400+30:1800+30"]

1. Nf3 {(00:00)} c5 {(00:00)} 2. c4 {(00:00)} Nc6 {
(00:00)} 3. Nc3 {(00:22)} g6 {(00:32)} 4. d4 {(02:
12)} cxd4 {(00:09)} 5. Nxd4 {(00:05)} Bg7 {(00:06)} 6. Nc2
{(00:10)} d6 {(01:02)} 7. e4 {(00:59)} Bxc3+ {(10:
02)} 8. bxc3 {(00:06)} Nf6 {(00:24)} 9. f3 {(00:15)} O-O {
(01:38)} 10. Bh6 {(03:31)} Re8 {(00:27)} 11. Be2 {(
00:18)} Be6 {(04:04)} 12. O-O {(09:12)} Rc8 {(02:55)} 13.
Ne3 {(01:30)} Qa5 {(10:44)} 14. Nd5 {(03:02)} Bxd5 {
(10:30)} 15. cxd5 {(00:07)} Ne5 {(00:06)} 16. Qd4 {
(05:08)} Qc5 {(09:06)} 17. a4 {(07:38)} Ned7 {(04:
01)} 18. Rfb1 {(02:09)} b6 {(04:35)} 19. Rb3 {(07:42)} e6
{(02:01)} 20. Ba6 {(08:51)} e5 {(06:48)} 21. Qe3 {(
14:25)} Qxe3+ {(01:11)} 22. Bxe3 {(00:05)} Nc5 {(00:05)}
23. Bxc8 {(03:45)} Nxb3 {(00:15)} 24. Ra3 {(00:54)} Rxc8 {
(01:11)} 25. Rxb3 {(00:05)} Nd7 {(00:54)} 26. a5 {(
00:55)} f5 {(02:41)} 27. exf5 {(07:50)} gxf5 {(00:26)} 28.
f4 {(00:08)} Nf6 {(06:53)} 29. fxe5 {(02:44)} dxe5 {
(00:21)} 30. axb6 {(06:23)} axb6 {(00:14)} 31. d6 {
(01:12)} Nd7 {(06:47)} 32. Rxb6 Rxc3 {(08:58)} 33. Rb7 {
(03:38)} Rxe3 {(00:40)} 34. Rxd7 {(00:05)} Rd3 {(
00:07)} 35. Re7 {(03:21)} Rxd6 {(00:15)} 36. Rxe5 {(00:05]
} 1/2-1/2

[Event "42nd Olympiad Baku 2016 Open"]
[Site "Baku"]
[Date "2016.09.03"]
[Round "2.19"]
[White "Pasko, Llambi"]
[Black "Korobov, Anton"]
[Result "0-1"]
[ECO "D37"]
[WhiteElo "2316"]
[BlackElo "2675"]
[Annotator ""]
[PlyCount "74"]
[EventDate "2016.??.??"]
[EventCountry "AZE"]
[SourceTitle "playchess.com"]
[Source "ChessBase"]
[WhiteTeam "Albania"]
[BlackTeam "Ukraine"]
[WhiteTeamCountry "ALB"]
[BlackTeamCountry "UKR"]
[TimeControl "40/5400+30:1800+30"]

1. d4 {(00:00)} d5 {(00:00)} 2. c4 {(00:00)} e6 {(
00:00)} 3. Nf3 {(00:24)} Nf6 {(00:38)} 4. Nc3 {(00:20)}
dxc4 {(00:17)} 5. e3 {(02:38)} a6 {(00:13)} 6. Bxc4 {
(02:00)} b5 {(00:07)} 7. Bd3 {(01:37)} Bb7 {(01:14]
} 8. O-O {(01:58)} c5 {(05:17)} 9. dxc5 {(01:33)} Bxc5 {
(00:07)} 10. e4 {(00:37)} Nbd7 {(01:18)} 11. Qe2 {(
00:51)} Qb8 {(05:42)} 12. Be3 {(13:53)} O-O {(02:01)} 13.
Rac1 {(02:35)} Bd6 {(06:15)} 14. Bg5 {(23:26)} Ng4 {
(06:45)} 15. h3 {(00:48)} Nge5 {(00:08)} 16. Nxe5 {
(00:47)} Nxe5 {(00:06)} 17. Bb1 {(00:21)} b4 {(10:
04)} 18. Na4 {(03:06)} Bc6 {(07:13)} 19. Qc2 {(00:04)} Rc8
{(11:12)} 20. Be3 {(02:42)} Bb5 {(08:08)} 21. Qxc8+ {
(01:32)} Qxc8 {(00:02)} 22. Rxc8+ {(00:07)} Rxc8 {(
00:04)} 23. Nb6 {(01:07)} Rc6 {(01:43)} 24. Rd1 {(00:37)}
g5 {(01:46)} 25. b3 {(10:55)} Bc5 {(03:34)} 26. Bxc5 {
(00:50)} Rxc5 {(00:02)} 27. Rd8+ {(00:26)} Kg7 {(
00:08)} 28. Rc8 {(00:04)} Bc6 {(03:43)} 29. Nc4 {(00:40)}
Nxc4 {(00:25)} 30. bxc4 {(00:05)} Rxc4 {(00:08)} 31. Bd3 {
(01:33)} Rc3 {(01:22)} 32. Bxa6 {(00:22)} Bb5 {(00:
56)} 33. Bb7 {(04:26)} Rxc8 {(00:10)} 34. Bxc8 {(00:06)}
Bc4 {(00:06)} 35. e5 {(00:41)} Bxa2 {(00:22)} 36. Ba6 {
(00:04)} Bb1 {(01:24)} 37. Kf1 {(01:45)} b3 {(00:
20)} 0-1

[Event "42nd Olympiad Baku 2016 Open"]
[Site "Baku"]
[Date "2016.09.03"]
[Round "2.25"]
[White "Peralta, Fernando"]
[Black "Pelletier, Yannick"]
[Result "1/2-1/2"]
[ECO "E29"]
[WhiteElo "2590"]
[BlackElo "2555"]
[Annotator ""]
[PlyCount "51"]
[EventDate "2016.??.??"]
[EventCountry "AZE"]
[SourceTitle "playchess.com"]
[Source "ChessBase"]
[WhiteTeam "Argentina"]
[BlackTeam "Switzerland"]
[WhiteTeamCountry "ARG"]
[BlackTeamCountry "SUI"]
[TimeControl "40/5400+30:1800+30"]

1. d4 {(00:00)} Nf6 {(00:00)} 2. c4 {(00:00)} e6 {(
00:00)} 3. Nc3 {(00:00)} Bb4 {(00:00)} 4. e3 {(00:00)} O-O
{(00:13)} 5. Bd3 {(00:00)} c5 {(00:16)} 6. a3 {(00:
06)} Bxc3+ {(00:18)} 7. bxc3 {(00:03)} Nc6 {(00:47)} 8.
Rb1 {(00:10)} d6 {(01:19)} 9. Ne2 {(01:08)} b6 {(
01:41)} 10. e4 {(01:39)} Ne8 {(00:59)} 11. O-O {(00:41)}
Ba6 {(00:31)} 12. f4 {(01:16)} Na5 {(01:59)} 13. f5 {
(01:27)} exf5 {(00:43)} 14. Ng3 {(12:17)} cxd4 {(
18:54)} 15. cxd4 {(03:27)} fxe4 {(00:16)} 16. Nxe4 {(00:
35)} Bxc4 {(00:24)} 17. Ng5 {(01:37)} g6 {(00:07)} 18.
Bxc4 {(02:35)} Nxc4 {(00:10)} 19. Rb3 {(01:02)} Ng7 {
(19:41)} 20. Rh3 {(21:06)} h5 {(00:51)} 21. Qf3 {(
31:01)} d5 {(34:54)} 22. Nxf7 {(00:33)} Qd7 {(00:02)} 23.
Nh6+ {(00:24)} Kh7 {(00:04)} 24. Nf7 {(00:30)} Kg8 {
(00:04)} 25. Nh6+ {(00:12)} Kh7 {(00:04)} 26. Nf7 1/2-1/2

[Event "42nd Olympiad Baku 2016 Open"]
[Site "Baku"]
[Date "2016.09.03"]
[Round "2.27"]
[White "Perez Ponsa, Federico"]
[Black "Georgiadis, Nico"]
[Result "1-0"]
[ECO "C95"]
[WhiteElo "2585"]
[BlackElo "2475"]
[Annotator ""]
[PlyCount "59"]
[EventDate "2016.??.??"]
[EventCountry "AZE"]
[SourceTitle "playchess.com"]
[Source "ChessBase"]
[WhiteTeam "Argentina"]
[BlackTeam "Switzerland"]
[WhiteTeamCountry "ARG"]
[BlackTeamCountry "SUI"]
[TimeControl "40/5400+30:1800+30"]

1. e4 {(00:00)} e5 {(00:00)} 2. Nf3 {(00:00)} Nc6 {
(00:00)} 3. Bb5 {(00:00)} a6 {(00:00)} 4. Ba4 {(00:
07)} Nf6 {(00:01)} 5. O-O {(00:29)} Be7 {(00:13)} 6. Re1 {
(00:30)} b5 {(00:11)} 7. Bb3 {(00:06)} d6 {(00:24)}
8. c3 {(00:17)} O-O {(00:12)} 9. h3 {(00:05)} Nb8 {
(00:18)} 10. d4 {(01:07)} Nbd7 {(00:21)} 11. Nbd2 {
(01:02)} Bb7 {(00:09)} 12. Bc2 {(01:27)} c5 {(00:
26)} 13. d5 {(02:28)} c4 {(00:07)} 14. Nf1 {(03:15)} Qc7 {
(00:21)} 15. g4 {(04:56)} a5 {(02:45)} 16. Ng3 {(
01:32)} g6 {(00:14)} 17. Bh6 {(06:51)} Rfb8 {(06:48)} 18.
Qd2 {(05:02)} Nc5 {(09:18)} 19. Nf5 {(05:36)} Bd8 {
(02:20)} 20. Qe3 {(18:54)} Ne8 {(24:10)} 21. Kh1 {(
05:51)} b4 {(21:54)} 22. Ng5 {(13:04)} f6 {(17:10)} 23.
Ne6 {(01:48)} Nxe6 {(00:07)} 24. dxe6 {(00:03)} Bc6 {
(07:31)} 25. Rad1 {(02:27)} Kh8 {(02:31)} 26. Bf8 {
(01:10)} Qb6 {(04:27)} 27. Qh6 {(02:03)} Qxf2 {(00:
33)} 28. Bxd6 {(00:21)} Qf3+ {(00:22)} 29. Kg1 {(00:05)}
Bb6+ {(00:06)} 30. Rd4 {(00:06)} 1-0

[Event "42nd Olympiad Baku 2016 Open"]
[Site "Baku"]
[Date "2016.09.03"]
[Round "2.2"]
[White "Phiri, Richmond"]
[Black "Svetushkin, Dmitry"]
[Result "1/2-1/2"]
[ECO "D10"]
[WhiteElo "2342"]
[BlackElo "2543"]
[Annotator ""]
[PlyCount "97"]
[EventDate "2016.??.??"]
[EventCountry "AZE"]
[SourceTitle "playchess.com"]
[Source "ChessBase"]
[WhiteTeam "Zambia"]
[BlackTeam "Moldova"]
[WhiteTeamCountry "ZAM"]
[BlackTeamCountry "MDA"]
[TimeControl "40/5400+30:1800+30"]

1. d4 {(00:00)} d5 {(00:00)} 2. Nf3 {(00:00)} Nf6 {
(01:23)} 3. c4 {(00:03)} c6 {(00:05)} 4. cxd5 {(01:
42)} cxd5 {(00:12)} 5. Nc3 {(00:03)} Nc6 {(00:10)} 6. Bf4
{(00:04)} a6 {(00:29)} 7. e3 {(00:31)} Bg4 {(00:09]
} 8. Be2 {(00:54)} e6 {(01:16)} 9. O-O {(00:12)} Be7 {
(00:11)} 10. Ne5 {(05:42)} Bxe2 {(00:11)} 11. Qxe2 {
(00:09)} Rc8 {(01:20)} 12. Rfc1 {(11:45)} O-O {(00:
22)} 13. Rc2 {(03:30)} Nxe5 {(01:57)} 14. dxe5 {(26:42)}
Nd7 {(05:42)} 15. Qg4 {(08:20)} Re8 {(03:29)} 16. Rac1 {
(09:07)} Rc6 {(11:19)} 17. Qd1 {(11:02)} Nb8 {(16:
14)} 18. h3 {(05:59)} Qb6 {(10:37)} 19. Ne2 {(03:01)} Rec8
{(01:49)} 20. Nd4 {(00:22)} Rxc2 {(01:02)} 21. Rxc2 {
(00:06)} Rxc2 {(05:07)} 22. Qxc2 {(00:04)} Nc6 {(
00:16)} 23. Nf3 {(03:22)} Qb5 {(04:39)} 24. Nd4 {(04:26)}
Qb6 {(02:31)} 25. Nf3 {(00:04)} h6 {(00:50)} 26. Bg3 {
(00:24)} Bc5 {(08:23)} 27. a3 {(01:24)} Qb5 {(02:
20)} 28. Ne1 {(01:43)} Qc4 {(03:32)} 29. Qxc4 {(01:54)}
dxc4 {(00:12)} 30. Nc2 {(00:05)} b5 {(00:42)} 31. Kf1 {
(00:03)} a5 {(06:20)} 32. Ke2 {(00:03)} b4 {(00:05]
} 33. axb4 {(00:04)} axb4 {(00:02)} 34. Ne1 {(02:51)} b3 {
(04:34)} 35. Kd1 {(00:24)} Bb4 {(00:31)} 36. f4 {(
01:01)} g5 {(03:49)} 37. Nf3 {(00:19)} c3 {(01:41)} 38.
bxc3 {(00:05)} Bxc3 {(00:11)} 39. Be1 {(00:27)} Bxe1 {
(02:41)} 40. Nxe1 {(00:00)} Nb4 {(00:00)} 41. Kc1 {
(03:51)} gxf4 {(09:00)} 42. exf4 {(01:10)} Nd5 {(
00:10)} 43. Nd3 {(14:28)} Ne3 {(03:28)} 44. g4 {(00:52)}
Nc4 {(01:28)} 45. Nc5 {(02:39)} b2+ {(00:14)} 46. Kb1 {
(00:05)} h5 {(00:58)} 47. Nd3 {(00:35)} hxg4 {(01:
00)} 48. hxg4 {(00:06)} Kg7 {(00:15)} 49. f5 {(01:22)}
1/2-1/2